 Dungeon Crawl Stone Soup version bcrawl-1.20.1-3-gdcb1fc31ed (webtiles) character file.

Game seed: 11409524916100728483

207 McKennaii the Firebug (level 5, -3/38 HPs)
             Began as a Djinni Fire Elementalist on Feb 4, 2020.
             Was an Initiate of Vehumet.
             Slain by a bullfrog (7 damage)
             ... on level 4 of the Dungeon.
             The game lasted 00:07:30 (3618 turns).

McKennaii the Firebug (Djinni Fire Elementalist)    Turns: 3618, Time: 00:07:31

Health: -3/38      AC:  3    Str: 11    XL:     5   Next: 54%
Magic:  18/20      EV: 12    Int: 21    God:    Vehumet [......]
Gold:   232        SH:  0    Dex: 11    Spells: 8/13 levels left

rFire    + . .     SeeInvis .   w - +2 falchion (holy)
rCold    + . .     Gourm    .   (no shield)
rNeg     . . .     Faith    .   a - +0 robe
rPois    .         Spirit   .   x - +0 helmet {Int+3}
rElec    .         Reflect  .   l - scarf {rC+ rF+}
rCorr    .         Harm     .   (no gloves)
MR       .....     Rnd*Rage +   (boots unavailable)
Stlth    ++........             s - amulet of the acrobat
HPRegen  0.12/turn              n - ring of magical power
MPRegen  0.17/turn              (no ring)

@: flying
A: never pass out, berserk 2, blink, blurry vision 2, wild magic 2, MP-powered
wands, floating
a: Blink, Renounce Religion


You were on level 4 of the Dungeon.
You worshipped Vehumet.
Vehumet was noncommittal.
You were not hungry.

You visited 1 branch of the dungeon, and saw 4 of its levels.

You collected 232 gold pieces.

Inventory:

Hand Weapons
 w - a +2 falchion of holy wrath (weapon)
Missiles
 c - 381 stones (quivered)
Armour
 a - a +0 robe (worn)
 l - a scarf of resistance (worn)
 x - a +0 helmet of intelligence (worn)
Magical Staves
 q - a cursed staff of fire {unknown}
Jewellery
 n - a ring of magical power (left hand)
 s - an amulet of the acrobat (around neck)
 v - an uncursed amulet of the gourmand
Scrolls
 d - a scroll of remove curse
 e - a scroll of noise {unknown}
 g - 2 scrolls of identify
 h - 2 scrolls of enchant armour {unknown}
 i - 5 scrolls of magic mapping {unknown}
 k - 2 scrolls of teleportation {unknown}
Potions
 f - 2 potions of resistance {unknown}
 j - a potion of flight {unknown}
 m - 2 potions of curing {unknown}
 o - a potion of heal wounds {unknown}
 p - a potion of haste {unknown}
 r - a potion of lignification {unknown}
 t - 2 potions of might
 u - a potion of ambrosia {unknown}
Comestibles
 b - 5 rations {!d}


   Skills:
 + Level 0.1 Fighting
 + Level 2.3 Dodging
 + Level 2.3 Stealth
 + Level 4.6 Spellcasting
 + Level 3.0 Conjurations
 + Level 5.0 Fire Magic


You had 8 spell levels left.
You knew the following spells:

 Your Spells              Type           Power        Failure   Level  Hunger
a - Flame Tongue          Conj/Fire      #####        6%          1    None
b - Sticky Flame          Conj/Fire      #####...     36%         4    ####...

Your spell library contained the following spells:

 Spells                   Type           Power        Failure   Level  Hunger
 Flaming Arrows           Chrm/Fire      ###.....     14%         2    #......
 Conjure Flame            Conj/Fire      #####...     14%         3    ##.....
 Inner Flame              Hex/Fire       N/A          24%         3    ##.....
 Fireball                 Conj/Fire      #####.....   67%         5    ######.


Dungeon Overview and Level Annotations

Branches:
Dungeon (4/12)
 Temple: D:4-7

Altars:
Vehumet


Innate Abilities, Weirdness & Mutations

You never pass out after going berserk.
You often lose your temper in combat.
You can translocate small distances at will.
Scrolls take you longer to read.
Your spells are harder to cast, but more powerful.
You expend magic power (3 MP) to strengthen your wands.
Your body floats in the air.


Message History

The bullfrog is moderately wounded.
The bullfrog hits you! x2
* * * LOW HITPOINT WARNING * * *
You are too injured to fight recklessly!
Casting: Flame Tongue (safe; 6% risk of failure)
Confirm with . or Enter, or press ? or * to list all spells.
Aiming: Flame Tongue (safe; 6% risk of failure)
Press: ? - help, Shift-Dir - straight line, f - bullfrog
Aim: a bullfrog (moderately wounded)
The flame tongue misses the bullfrog.
The flame tongue misses the adder.
The bullfrog closely misses you. x2
Casting: Flame Tongue (safe; 6% risk of failure)
Confirm with . or Enter, or press ? or * to list all spells.
Aiming: Flame Tongue (safe; 6% risk of failure)
Press: ? - help, Shift-Dir - straight line, f/p - bullfrog
Aim: a bullfrog (moderately wounded)
The flame tongue hits the bullfrog.
The bullfrog is moderately wounded.
The bullfrog hits you!
You die...

#...#.###.###.
#...........#.
#..##.##......
#..##.##....#.
#..##.##....#
#...#.#...#.#
#####.#.#.#...#.#
#.....#.#.#...# #
#@#####.#.#...#
#F# #...'...# #S#
#...#...# #.#
#...#...# #.#
#.#.#...# #.#
#.#>..### #.#
#.##### #.# #.#
#.# #.#


You could see a bullfrog and an adder.

Vanquished Creatures
  An orc priest (D:3)
  2 centaur skeletons
  An orc wizard (D:3)
  Robin (D:3)
  An adder (D:3)
  A worm (D:3)
  4 dart slugs
  4 leopard geckos
  7 bats
  2 giant cockroaches (D:1)
  11 hobgoblins
  2 jackals (D:3)
  3 quokkas
  A ball python (D:1)
  4 frilled lizards
  11 goblins
  7 kobolds
  3 rats
66 creatures vanquished.

Notes
Turn   | Place    | Note
-------+----------+-------------------------------------------
     0 | D:1      | McKennaii the Djinni Fire Elementalist began the quest for
                  | the Orb.
     0 | D:1      | Reached XP level 1. HP: 14/14 MP: 4/4
   451 | D:1      | Reached XP level 2. HP: 18/20 MP: 3/6
  1005 | D:1      | Reached skill level 4 in Fire Magic
  1610 | D:2      | Reached XP level 3. HP: 26/26 MP: 3/7
  2412 | D:3      | Gained mutation: Your spells are harder to cast, but more
                  | powerful. [Djinni growth]
  2412 | D:3      | Gained mutation: You can translocate small distances at
                  | will. [Djinni growth]
  2412 | D:3      | Reached XP level 4. HP: 28/33 MP: 9/9
  2548 | D:3      | Learned a level 4 spell: Sticky Flame
  2684 | D:3      | Found a radiant altar of Vehumet.
  2886 | D:3      | Reached XP level 5. HP: 30/38 MP: 11/11
  2918 | D:3      | Became a worshipper of Vehumet
  3009 | D:3      | Noticed Robin
  3020 | D:3      | Killed Robin
  3384 | D:3      | Reached skill level 5 in Fire Magic
  3618 | D:4      | Slain by a bullfrog

Skill      XL: |  1  2  3  4  5 |
---------------+----------------+-----
Fire Magic     | 4 5 |  5.0
Conjurations   | 2 3 |  3.0
Stealth        | 2 |  2.3
Spellcasting   | 4 |  4.6
Fighting       | |  0.1
Dodging        | |  2.3

Action                   |  1- 3 |  4- 6 || total
-------------------------+-------+-------++-------
Melee: Unarmed           |     6 |       ||     6
       Falchion          |       |    11 ||    11
 Cast: Flame Tongue      |    72 |    43 ||   115
  Use: Scroll            |       |     2 ||     2
 Stab: Sleeping          |       |     1 ||     1
  Eat: Chunk             |     4 |    15 ||    19
       Ration            |       |     1 ||     1
Armor: Robe              |     7 |     2 ||     9
Dodge: Dodged            |    25 |    19 ||    44
